 Dungeon Crawl Stone Soup version 0.26-a0-474-gfaca0e1de5 (webtiles) character file.

Game seed: 9036113505959709205

691571 Baz the Cryomancer (level 27, -1/257 HPs)
             Began as an Octopode Ice Elementalist on July 31, 2020.
             Was the Champion of Vehumet.
             Killed by divine providence
             ... invoked by a greater mummy
              (12 damage)
             ... on level 3 of the Tomb of the Ancients on Aug 1, 2020.
             The game lasted 05:13:19 (88904 turns).

Baz the Cryomancer (Octopode Ice Elementalist)     Turns: 88904, Time: 05:13:20

Health: -1/257     AC: 34    Str: 11    XL:     27
Magic:  48/48      EV: 26    Int: 50    God:    Vehumet [******]
Gold:   7158       SH: 29    Dex: 26    Spells: 3/68 levels left

rFire    . . .     SeeInvis +   H - +8 trident of the Octopus King {venom, rElec rPois MR+}
rCold    + + +     Faith    .   C - +7 tower shield "Ganoesa" {Int+4 Dex+5}
rNeg     + + .     Spirit   .   X - +1 hat
rPois    ∞         Reflect  .   q - amulet of Cadisiuk {RegenMP Str+3 Int+5 Dex+7}
rElec    +         Harm     .   W - ring of Xom's Recklessness {Wiz rElec rC+ Int+6}
rCorr    +                      N - ring "Qol Duh" {rCorr SInv}
MR       +++++                  t - ring of ice
Stlth    ++++......             F - ring of Phasing {EV+8}
HPRegen  0.52/turn              f - ring of Ixzont {rElec rPois MR+ Str-2 Dex+5}
MPRegen  0.56/turn              A - ring "Zalebbuu" {rElec rF+ rN+ MR+ Dex-5}
                                I - ring "Gumeo" {+Inv rC++ rCorr Int+3}
                                h - +6 ring of intelligence

@: statue-form, hasted and slowed, very slow
A: almost no armour, stealthy swim, amphibious, 8 rings, constrict 8, camouflage
1
}: 3/15 runes: serpentine, barnacled, silver
a: End Transformation, Renounce Religion, Evoke Invisibility


You were on level 3 of the Tomb of the Ancients.
You worshipped Vehumet.
Vehumet was exalted by your worship.
You were a stone statue.
You visited 12 branches of the dungeon, and saw 52 of its levels.
You also visited: Trove, Bailey, Gauntlet and Ice Cave.

You collected 11278 gold pieces.
You spent 4120 gold pieces at shops.

Inventory:

Hand Weapons
 H - the +8 trident of the Octopus King (weapon) {venom, rElec rPois MR+}
   (You found it in a bailey)

   It poisons the flesh of those it strikes.
   It insulates you from electricity.
   It protects you from poison.
   It affects your resistance to hostile enchantments.
Armour
 C - the +7 tower shield "Ganoesa" (worn) {Int+4 Dex+5}
   (You found it on level 1 of the Shoals)

   It affects your intelligence (+4).
   It affects your dexterity (+5).
 X - a +1 hat (worn)
Jewellery
 d - an uncursed ring of protection from fire
 f - the ring of Ixzont (on tentacle) {rElec rPois MR+ Str-2 Dex+5}
   (You took it off a tengu reaver on level 5 of the Vaults)

   [ring of protection from magic]

   It affects your strength (-2).
   It affects your dexterity (+5).
   It insulates you from electricity.
   It protects you from poison.
   It affects your resistance to hostile enchantments.
 g - the amulet of the Air {Inacc +Fly rElec EV+5 RMsl}
   (You found it on level 3 of the Snake Pit)

   [amulet of inaccuracy]

   It reduces the accuracy of all your attacks.
   It affects your evasion (+5).
   It insulates you from electricity.
   It lets you fly.
   It protects you from missiles.
 h - a +6 ring of intelligence (on tentacle)
 q - the amulet of Cadisiuk (around mantle) {RegenMP Str+3 Int+5 Dex+7}
   (You found it in a treasure trove)

   [amulet of magic regeneration]

   It increases your magic regeneration.
   It affects your strength (+3).
   It affects your intelligence (+5).
   It affects your dexterity (+7).
 t - a ring of ice (on tentacle)
 w - an uncursed amulet of faith
 A - the ring "Zalebbuu" (on tentacle) {rElec rF+ rN+ MR+ Dex-5}
   (You found it in a treasure trove)

   [ring of positive energy]

   It affects your dexterity (-5).
   It protects you from fire.
   It insulates you from electricity.
   It protects you from negative energy.
   It affects your resistance to hostile enchantments.
 B - a +6 ring of intelligence
 E - an uncursed ring of fire
 F - the ring of Phasing (on tentacle) {EV+8}
   (You found it on level 4 of the Shoals)

   [ring of evasion]

   It affects your evasion (+8).
 I - the ring "Gumeo" (on tentacle) {+Inv rC++ rCorr Int+3}
   (You took it off an orc wizard on level 5 of the Vaults)

   [ring of resist corrosion]

   It affects your intelligence (+3).
   It greatly protects you from cold.
   It lets you turn invisible.
   It provides partial protection from all sources of acid and corrosion.
 N - the ring "Qol Duh" (right tentacle) {rCorr SInv}
   (You took it off a deep elf sorcerer on level 3 of the Elven Halls)

   [ring of resist corrosion]

   It lets you see invisible.
   It provides partial protection from all sources of acid and corrosion.
 T - the amulet "Lampud" {Acrobat MR+ MP+9 Str-3}
   (You found it in a treasure trove)

   [amulet of the acrobat]

   It helps you evade while moving and waiting.
   It affects your strength (-3).
   It affects your resistance to hostile enchantments.
   It affects your magic capacity (+9).
 W - the ring of Xom's Recklessness (left tentacle) {Wiz rElec rC+ Int+6}
   (You found it in a treasure trove)

   [ring of wizardry]

   It improves your spell success rate.
   It affects your intelligence (+6).
   It protects you from cold.
   It insulates you from electricity.
Wands
 P - a wand of digging (10)
 R - a wand of acid (23)
Scrolls
 a - 19 scrolls of remove curse
 b - 8 scrolls of fog
 c - 11 scrolls of immolation
 i - 8 scrolls of amnesia
 j - 34 scrolls of teleportation
 k - 6 scrolls of magic mapping
 l - 3 scrolls of holy word
 m - 6 scrolls of blinking
 p - 6 scrolls of identify
 x - 6 scrolls of fear
 y - 13 scrolls of enchant armour
 O - 4 scrolls of silence
 S - 2 scrolls of summoning
Potions
 e - 12 potions of flight
 n - 5 potions of haste
 o - 3 potions of magic
 r - 3 potions of cancellation
 s - 29 potions of curing
 u - 7 potions of brilliance
 v - 15 potions of heal wounds
 z - 11 potions of ambrosia
 D - 4 potions of invisibility
 G - 5 potions of stabbing
 K - 8 potions of mutation
 M - 11 potions of might
 U - 3 potions of berserk rage
 V - a potion of resistance


   Skills:
 + Level 18.8 Fighting
 - Level 14.0 Polearms
 - Level 7.0 Dodging
 - Level 4.4 Stealth
 + Level 21.0 Shields
 + Level 21.4 Spellcasting
 - Level 12.1 Conjurations
 - Level 7.0 Transmutations
 + Level 12.1 Fire Magic
 - Level 23.0 Ice Magic
 - Level 18.4 Earth Magic


You had 3 spell levels left.
You knew the following spells:

 Your Spells              Type           Power        Failure   Level
a - Absolute Zero         Ice            #########.   1%          9
b - Ignition              Fire           ########..   2%          8
c - Ozocubu's Armour      Ice            ########     0%          3
d - Hailstorm             Conj/Ice       ########     0%          4
e - Summon Ice Beast      Ice/Summ       ########     1%          4
f - Blink                 Tloc           N/A          1%          2
g - Iron Shot             Conj/Erth      ########..   1%          6
h - Freezing Cloud        Conj/Ice/Air   ########..   1%          6
i - Ozocubu's Refrigerat  Ice            #########.   0%          6
j - Apportation           Tloc           ######       1%          1
k - Bolt of Magma         Conj/Fire/Erth ########..   1%          5
l - Irradiate             Conj/Tmut      #######...   1%          5
m - Statue Form           Tmut/Erth      ########.    1%          6

Your spell library contained the following spells:

 Spells                   Type           Power        Failure   Level
 Chain Lightning          Conj/Air       #######...   26%         8
 Freeze                   Ice            ####         0%          1
 Magic Dart               Conj           ####         0%          1
 Ensorcelled Hibernation  Hex/Ice        ######       0%          2
 Passwall                 Tmut/Erth      ########     0%          2
 Searing Ray              Conj           ######       0%          2
 Conjure Flame            Conj/Fire      ########     0%          3
 Frozen Ramparts          Ice            ######       0%          3
 Stone Arrow              Conj/Erth      ######       0%          3
 Animate Skeleton         Necr           ######       1%          1
 Beastly Appendage        Tmut           ######       1%          1
 Corona                   Hex            ######.      1%          1
 Pain                     Necr           ####         1%          1
 Shock                    Conj/Air       ####         1%          1
 Sting                    Tmut/Pois      ####         1%          1
 Summon Small Mammal      Summ           ####         1%          1
 Call Imp                 Summ           ######..     1%          2
 Corpse Rot               Necr/Air       N/A          1%          2
 Poisonous Vapours        Pois/Air       ######       1%          2
 Slow                     Hex            ######..     1%          2
 Swiftness                Air            ######..     1%          2
 Wereblood                Tmut           #######.     1%          2
 Call Canine Familiar     Summ           ######..     1%          3
 Confusing Touch          Hex            ######..     1%          3
 Dazzling Flash           Conj/Hex       ######       1%          3
 Gell's Gravitas          Tloc           ######....   1%          3
 Ignite Poison            Fire/Tmut/Pois #######.     1%          3
 Lesser Beckoning         Tloc           ######....   1%          3
 Mephitic Cloud           Conj/Pois/Air  #######.     1%          3
 Portal Projectile        Hex/Tloc       ######       1%          3
 Spider Form              Tmut/Pois      ######....   1%          3
 Static Discharge         Conj/Air       #######.     1%          3
 Summon Guardian Golem    Hex/Summ       ######..     1%          3
 Teleport Other           Tloc           ######..     1%          3
 Tukima's Dance           Hex            ######..     1%          3
 Vampiric Draining        Necr           ######....   1%          3
 Ice Form                 Ice/Tmut       ########     0%          4
 Airstrike                Air            ######....   1%          4
 Animate Dead             Necr           ######....   1%          4
 Cause Fear               Hex            ######....   1%          4
 Fulminant Prism          Conj/Hex       #######...   1%          4
 Iskenderun's Mystic Bla  Conj/Tloc      #######.     1%          4
 Leda's Liquefaction      Hex/Erth       #######...   1%          4
 Olgreb's Toxic Radiance  Pois           ######..     1%          4
 Passage of Golubria      Tloc           N/A          1%          4
 Petrify                  Tmut/Erth      ########     1%          4
 Summon Lightning Spire   Summ/Air       ######..     1%          4
 Alistair's Intoxication  Tmut/Pois      ######...    1%          5
 Blade Hands              Tmut           #######...   1%          5
 Borgnjor's Vile Clutch   Necr/Erth      #######...   1%          5
 Fireball                 Conj/Fire      ########..   1%          5
 Iskenderun's Battlesphe  Conj           ########     1%          5
 Lightning Bolt           Conj/Air       #######...   1%          5
 Metabolic Englaciation   Hex/Ice        ########..   1%          5
 Yara's Violent Unravell  Hex/Tmut       ######....   1%          5
 Hydra Form               Tmut           #######...   1%          6
 Simulacrum               Ice/Necr       ########..   1%          6
 Starburst                Conj/Fire      ########..   1%          6
 Orb of Destruction       Conj           ########..   1%          7
 Shatter                  Erth           ########..   3%          9
 Spellforged Servitor     Conj/Summ      #######...   4%          7
 Agony                    Necr           ######..     5%          5
 Silence                  Hex/Air        ######....   5%          5
 Summon Demon             Summ           ######....   5%          5
 Summon Forest            Summ/Tloc      ######....   5%          5
 Summon Mana Viper        Hex/Summ       ######..     5%          5
 Eringya's Noxious Bog    Tmut/Pois      ######....   7%          6
 Dragon Form              Tmut           #######...   9%          7
 Death Channel            Necr           ######....   26%         6
 Dispersal                Tloc           ######....   26%         6
 Invisibility             Hex            ######..     26%         6
 Shadow Creatures         Summ           N/A          26%         6
 Summon Hydra             Summ           ######....   80%         7
 Controlled Blink         Tloc           N/A          100%        8
 Discord                  Hex            ######....   100%        8
 Disjunction              Tloc           ######....   100%        8


Dungeon Overview and Level Annotations

Branches:
Dungeon (15/15)            Temple (1/1) D:4            Lair (6/6) D:10
 Shoals (4/4) Lair:2        Snake (4/4) Lair:2        Slime (0/5) Lair:5
    Orc (2/2) D:12            Elf (3/3) Orc:2        Vaults (5/5) D:13
  Crypt (3/3) Vaults:2       Tomb (3/3) Crypt:3      Depths (5/5) D:15
   Hell (visited)             Dis (0/7) Hell            Geh (0/7) Hell
    Coc (0/7) Hell            Tar (0/7) Hell            Zot (0/5) Depths:5
 Bailey (visited)           IceCv (visited)         Gauntlet (visited)

Altars:
Ashenzari
Cheibriados
Dithmenos
Elyvilon
Fedhas
Gozag
Hepliaklqana
Kikubaaqudgha
Makhleb
Nemelex Xobeh
Okawaru
Qazlal
Ru
Sif Muna
Trog
Uskayaw
Vehumet
Wu Jian
Xom
Yredelemnul
Zin
The Shining One
Beogh

Shops:
D:7 :   D:8 }   D:10 (?:?   D:13 [**=   Orc:1 *   Orc:2 *:([   Elf:3 [?*
Shoals:1 (   Snake:1 [   Snake:2 *   Snake:3 (!}!   Vaults:1 *!**   Vaults:2 ?
Depths:4 }}=

Portals:
Hell: Depths:1 Depths:2 Depths:3 Depths:4 Depths:5
Abyss: Depths:4 Depths:5
Pandemonium: Depths:1 Depths:3 Depths:4 Depths:5
Ziggurat: Depths:2

Annotations:
Lair:5 exclusion: door
Orc:1 3 runed translucent doors, exclusion: obsidian statue, pino's ghost, journeyman MiBe
Elf:2 3 runed translucent doors
Vaults:4 1 runed translucent door, Paarhy's ghost, legendary MfBe
Depths:1 6 runed translucent doors, exclusion: door


Innate Abilities, Weirdness & Mutations

You cannot wear most types of armour.
You are very stealthy in the water. (Stealth+)
You are amphibious.
You can wear up to eight rings at the same time.
You can use your tentacles to constrict eight enemies at once.
Your skin changes colour to match your surroundings (Stealth+).
((Your rubbery body absorbs attacks. (AC +1, EV +1)))


Message History

The iron dragon zombie closely misses you.
You block the iron dragon zombie's attack.
The iron dragon zombie tramples you but does no damage.
You block the greater mummy's attack.
The greater mummy points at you and mumbles some strange words.
Something smites you!
* * * LOW HITPOINT WARNING * * *
You block the bennu's attack. The bennu barely misses you.
You block the bennu's attack.
Unknown command.
Unknown command.
Unknown command.
Unknown command.
You feel yourself speed up. You block the bennu's attack. The bennu misses you.
The bennu completely misses you.
The greater mummy mumbles some strange words.
You block the bennu's attack. x3; The greater mummy barely misses you.
The greater mummy points at you and mumbles some strange words.
Something smites you!
You die...

.§..M§§§^##.))s....#
b..n.W.§..##......#
...
WW.b..WW§.##MZ.|..#
..
$$$$W§.†...#...Z..#..
$$(($$W§M.V#.n...)#..
$$$§$$(.M..MMM..M.'..
[$$$$$$§...#.)ZM..#..
$$$$$$$..$.#..bM†^#
#$$$$$$?..##..Zb8.#
##$$$$$...##...Z^.#
##$"$$$.###......#
$$$$# #..^...# ####
########


You could see 6 greater mummies, 2 bennus, a mummy priest, a jiangshi
(summoned), a necrophage (summoned), a fire giant simulacrum (summoned), a titan
simulacrum (summoned), an iron dragon zombie (summoned), a harpy zombie
(summoned) and an ettin zombie (summoned).

Vanquished Creatures
  A juggernaut (Depths:5)
  3 ancient liches
  Sojobo (Depths:3)
  19 greater mummies
  Boris (Tomb:1)
  Margery (Vaults:2)
  Frederick (Crypt:2)
  Saint Roka (Vaults:3)
  A curse toe (Crypt:3)
  Geryon (Hell)
  4 golden dragons
  Xtahua (Vaults:2)
  the Enchantress (Depths:5)
  2 bone dragons
  6 tentacled monstrosities
  Jorgrun (Shoals:2)
  5 liches
  3 deep elf blademasters (Elf:3)
  2 titans (Vaults:5)
  4 deep elf master archers (Elf:3)
  3 quicksilver dragons
  2 krakens (Shoals:1)
  Asterion (Depths:3)
  12 sphinxes
  8 tengu reavers
  6 storm dragons
  3 shadow dragons
  Agnes (Elf:1)
  12 ancient champions
  3 revenants
  Donald (Snake:1)
  9 nagarajas
  Roxanne (Shoals:2)
  Louise (Depths:5)
  6 frost giants
  9 fire giants
  An orc warlord (Orc:2)
  12 deep elf sorcerers
  4 iron dragons
  A balrug (Hell)
  A curse skull (Crypt:1)
  12 vault wardens
  Aizul (Snake:1)
  6 spriggan defenders
  A juggernaut zombie (D:15)
  5 ghouls
  6 reapers (Hell)
  4 deep elf elementalists (Elf:3)
  A draconian annihilator (Depths:5)
  18 ironheart preservers
  A draconian stormcaller (Depths:5)
  18 very ugly things
  7 caustic shrike skeletons (Crypt:3)
  4 war gargoyles
  32 stone giants
  8 deep elf demonologists
  24 bennus
  An entropy weaver (Vaults:4)
  8 vampire knights
  7 deep elf annihilators
  4 lorocyprocas
  A black draconian (Depths:5)
  A juggernaut skeleton (Depths:3)
  3 yellow draconians (Depths:5)
  A red draconian (Depths:5)
  A minotaur (Gauntlet)
  16 spark wasps
  Azrael (Elf:1)
  A white draconian (Depths:5)
  6 merfolk javelineers
  11 ettins
  5 eidola
  7 fire dragons
  A quicksilver dragon zombie (Crypt:2)
  2 blizzard demons (Hell)
  4 jiangshi
  8 deep elf death magi
  A fire dragon (shapeshifter) (Vaults:5)
  6 merfolk impalers
  A crystal guardian (Vaults:3)
  18 yaktaur captains
  30 mummy priests
  9 great orbs of eyes
  A kraken zombie (Hell)
  15 ogre magi
  6 deep elf high priests
  2 hell beasts
  A quicksilver dragon skeleton (Tomb:1)
  11 ice dragons
  28 vault guards
  5 hydras
  2 rakshasas
  A monstrous demonspawn (Depths:4)
  A catoblepas (shapeshifter) (Vaults:5)
  3 death knights
  12 spriggan air magi
  14 naga warriors
  11 centaur warriors
  16 anacondas
  2 merfolk avatars
  8 merfolk aquamancers
  2 satyrs (Shoals:2)
  9 dancing weapons
  52 death scarabs
  10 deep troll shamans
  37 two-headed ogres
  12 vampire magi
  10 hell hogs (Hell)
  9 tengu warriors
  14 deep troll earth magi
  5 spriggan berserkers
  14 naga sharpshooters
  8 soul eaters
  Urug (Orc:2)
  3 orc high priests (Orc:2)
  A small abomination (Vaults:5)
  A titan zombie (Tomb:1)
  11 shock serpents
  2 iron golems
  22 deep elf knights
  8 spriggans
  A fire crab (shapeshifter) (Vaults:2)
  5 sun demons
  4 salamander mystics
  2 storm dragon skeletons (Crypt:3)
  9 hell knights
  59 skeletal warriors
  2 titan skeletons (Crypt:3)
  37 deep trolls
  A golden dragon zombie (Crypt:2)
  6 unseen horrors
  4 shadow wraiths
  3 anaconda zombies
  A death drake (shapeshifter) (Vaults:5)
  6 glowing orange brains
  20 sea snakes
  A shadow demon (Depths:4)
  A deep troll (shapeshifter) (Depths:4)
  3 unseen horrors (shapeshifter)
  17 deep elf archers
  8 naga ritualists
  5 wizards
  A gelid demonspawn (Depths:5)
  8 flayed ghosts
  A swamp dragon (Lair:6)
  14 ironbrand convokers
  13 phantasmal warriors
  A glowing orange brain (shapeshifter) (Vaults:5)
  25 orc knights
  24 harpies
  A sphinx zombie (Crypt:2)
  7 mana vipers
  8 orc sorcerers
  A wolf spider zombie (Crypt:3)
  7 necromancers
  An anaconda skeleton (Hell)
  38 ugly things
  2 mana vipers (shapeshifter)
  A shadow dragon skeleton (Crypt:1)
  A tengu skeleton (Depths:3)
  64 deep elf magi
  4 wolf spiders
  A cyclops (shapeshifter) (Vaults:2)
  10 manticores
  12 fauns
  20 salamanders
  12 merfolk sirens
  A salamander (shapeshifter) (Depths:4)
  10 cyclopes
  2 fire giant skeletons (Crypt:3)
  A dire elephant zombie (Tomb:2)
  9 water nymphs
  4 centaur zombies
  Maurice (D:10)
  10 elephants
  4 ice statues
  A black mamba (shapeshifter) (Depths:1)
  7 guardian serpents
  10 rust devils
  A stone giant skeleton (Crypt:3)
  A guardian serpent (shapeshifter) (Vaults:4)
  A frost giant skeleton (Crypt:3)
  2 gargoyles
  18 vault sentinels
  67 black mambas
  22 naga magi
  2 torpor snails
  12 cane toads
  2 orange demons
  3 komodo dragons
  2 spriggan skeletons
  A yellow draconian zombie (Crypt:1)
  A rime drake (shapeshifter) (Elf:2)
  3 demonic crawlers (Elf:2)
  3 dire elephant skeletons
  10 freezing wraiths
  2 kobold demonologists
  A catoblepas zombie (Crypt:2)
  85 yaktaurs
  A red draconian skeleton (Crypt:1)
  4 rime drakes
  A yaktaur zombie (Vaults:5)
  14 ice devils
  A komodo dragon (shapeshifter) (Depths:5)
  A green draconian skeleton (Crypt:3)
  A hellwing (Depths:3)
  2 anaconda simulacra (Hell)
  2 yaktaur skeletons (Vaults:5)
  48 guardian mummies
  A yellow draconian skeleton (Crypt:3)
  37 merfolk
  A queen bee (Lair:4)
  3 red devils
  11 tengu conjurers
  9 trolls
  4 meliai
  A jumping spider (Vaults:4)
  4 meliai (shapeshifter)
  2 trolls (shapeshifter)
  4 wind drakes
  A hydra skeleton (Hell)
  4 blink frogs (Lair:6)
  9 hornets
  Grinder (D:4)
  A bog body (Crypt:3)
  11 hippogriffs
  7 snapping turtles
  5 dream sheep
  35 slime creatures
  An ettin zombie (D:15)
  2 alligator zombies
  An ice dragon zombie (Crypt:2)
  An air elemental (Elf:3)
  A frost giant simulacrum (Depths:1)
  2 ice dragon skeletons
  An alligator skeleton (Crypt:3)
  11 flying skulls
  A fire dragon skeleton (Crypt:3)
  6 redbacks
  2 ettin skeletons (Crypt:3)
  3 shadows
  6 vampires
  A tarantella (shapeshifter) (Vaults:4)
  15 ushabtiu
  A spriggan (shapeshifter) (Vaults:2)
  A ynoxinul (Depths:4)
  14 wraiths
  Eustachio (D:6)
  25 water elementals
  A human (D:10)
  31 yaks
  5 basilisks
  13 fire elementals
  3 hogs (D:10)
  A human (shapeshifter) (Vaults:4)
  18 wyverns
  A steam dragon (D:12)
  A neqoxec (Depths:3)
  6 wargs
  7 vampire mosquitoes
  A spectral cane toad (Crypt:2)
  51 nagas
  2 tengu zombies
  A soldier ant (shapeshifter) (Vaults:4)
  2 human zombies
  2 acid dragons
  A water moccasin (shapeshifter) (Vaults:5)
  28 water moccasins
  A hydra simulacrum (Hell)
  A human skeleton (Depths:3)
  A hell hound (Elf:1)
  A soldier ant (D:13)
  10 porcupines
  A two-headed ogre skeleton (Crypt:1)
  A floating eye (Depths:3)
  A manticore zombie (Crypt:2)
  2 cane toad skeletons
  3 swamp drakes (Lair:6)
  An ice beast (D:10)
  65 orc warriors
  3 sky beasts
  A black bear (D:9)
  An ettin simulacrum (Vaults:5)
  A necrophage (Crypt:3)
  21 wolves
  An ice dragon simulacrum (Depths:1)
  A boggart (Vaults:2)
  2 phantoms
  47 ogres
  A boggart (shapeshifter) (Depths:5)
  31 centaurs
  An elephant skeleton (Crypt:3)
  13 crocodiles
  A blink frog skeleton (Crypt:2)
  7 big kobolds
  A hippogriff zombie (Crypt:2)
  3 earth elementals
  14 bullfrogs
  A hippogriff skeleton (Crypt:1)
  2 wyvern zombies
  A wyvern skeleton (D:14)
  4 scorpions
  30 killer bees
  A troll skeleton (Crypt:3)
  28 wights
  2 electric eels
  2 crimson imps (Depths:5)
  5 howler monkeys
  2 bullfrog zombies
  3 human simulacra
  2 lava snakes
  4 hounds
  5 jellies
  19 orc priests
  3 centaur skeletons
  A draconian simulacrum (IceCv)
  A bullfrog skeleton (D:12)
  2 gnoll shamans
  32 orc wizards
  6 iguanas
  9 iron imps
  A demonspawn skeleton (Crypt:2)
  10 worker ants
  A big kobold zombie (Crypt:3)
  A centaur simulacrum (IceCv)
  58 mummies
  Robin (D:4)
  19 gnolls
  A howler monkey skeleton (Crypt:2)
  A naga simulacrum (IceCv)
  23 adders
  2 ogre simulacra
  7 shadow imps
  19 white imps
  4 ufetubi
  3 oozes
  An iguana zombie (Crypt:1)
  3 adder skeletons
  A worm (D:8)
  A barachi skeleton (Crypt:2)
  2 dart slugs
  5 leopard geckos
  112 orcs
  3 ball pythons
  4 giant cockroaches
  18 goblins
  8 hobgoblins
  2 jackals (D:8)
  6 quokkas
  A ball python skeleton (Crypt:1)
  3 bats
  4 frilled lizards
  A giant cockroach zombie (D:6)
  55 kobolds
  A leopard gecko skeleton (Crypt:1)
  9 rats
  13 blocks of ice
  A crawling corpse (Vaults:5)
  A fire vortex (Lair:1)
  30 fungi
  180 plants
  5 tentacles (Shoals:1)
  A withered plant (D:15)
3121 creatures vanquished.

Vanquished Creatures (collateral kills)
  A hydra (Lair:1)
  A two-headed ogre (D:10)
  A naga ritualist (Snake:3)
  A wolf spider (Lair:6)
  A cyclops (D:13)
  4 elephants
  3 black mambas
  A guardian serpent (Lair:6)
  5 cane toads
  2 komodo dragons (Lair:5)
  2 meliai (Lair:4)
  A troll (D:13)
  A blink frog (Lair:6)
  2 wyverns
  10 yaks
  3 water moccasins
  2 porcupines
  An orc warrior (D:13)
  An ice beast (D:7)
  2 phantoms (D:8)
  A black bear (D:10)
  3 ogres
  A centaur (D:10)
  3 wolves
  2 crocodiles
  A big kobold (D:8)
  A bullfrog (D:13)
  9 killer bees
  2 howler monkeys
  2 centaur zombies
  A draconian simulacrum (IceCv)
  A bullfrog skeleton (D:10)
  A hound (D:9)
  A spriggan simulacrum (IceCv)
  3 troll simulacra (IceCv)
  3 gnolls
  A naga simulacrum (IceCv)
  An adder (Lair:2)
  4 white imps
  An ufetubus (D:6)
  An adder zombie (D:10)
  4 orcs
  A rat (D:8)
93 creatures vanquished.

Vanquished Creatures (others)
  A shadow dragon (Vaults:5)
  A fire giant (Depths:5)
  A war gargoyle (Vaults:4)
  A spark wasp (Depths:4)
  94 blocks of ice
  37 fungi
  55 plants
  7 tentacles
  2 withered plants (D:15)
199 creatures vanquished.

Grand Total: 3413 creatures vanquished

Notes
Turn   | Place    | Note
-------+----------+-------------------------------------------
     0 | D:1      | Baz the Octopode Ice Elementalist began the quest for the
                  | Orb.
     0 | D:1      | Reached XP level 1. HP: 11/11 MP: 3/3
   274 | D:1      | Reached XP level 2. HP: 18/18 MP: 0/5
  1191 | D:2      | Reached XP level 3. HP: 22/22 MP: 6/6
  1285 | D:2      | Learned a level 3 spell: Frozen Ramparts
  1424 | D:2      | Reached skill level 1 in Shields
  1424 | D:2      | Reached XP level 4. HP: 27/27 MP: 4/7
  2077 | D:3      | Learned a level 3 spell: Ozocubu's Armour
  2228 | D:3      | Reached XP level 5. HP: 29/32 MP: 7/9
  2241 | D:3      | Reached skill level 5 in Ice Magic
  2847 | D:4      | Noticed Robin
  2862 | D:4      | Killed Robin
  3149 | D:4      | Found a shimmering blue altar of Sif Muna.
  3151 | D:4      | Found a sacrificial altar of Ru.
  3399 | D:4      | Reached XP level 6. HP: 35/37 MP: 6/10
  3621 | D:4      | Found a staircase to the Ecumenical Temple.
  3723 | Temple   | Entered the Ecumenical Temple
  3978 | D:4      | Found a radiant altar of Vehumet.
  3978 | D:4      | Noticed Grinder
  4022 | D:4      | Reached skill level 6 in Ice Magic
  4049 | D:4      | Reached XP level 7. HP: 36/42 MP: 4/12
  4055 | D:4      | Learned a level 4 spell: Hailstorm
  4507 | D:5      | Entered Level 5 of the Dungeon
  4632 | D:5      | Found a shadowy altar of Dithmenos.
  4650 | D:5      | Reached skill level 1 in Conjurations
  5136 | D:4      | Killed Grinder
  5136 | D:4      | Reached skill level 7 in Ice Magic
  5136 | D:4      | Reached XP level 8. HP: 47/47 MP: 14/14
  5147 | D:4      | Became a worshipper of Vehumet
  5287 | D:5      | Learned a level 4 spell: Summon Ice Beast
  6040 | D:6      | Reached skill level 1 in Fighting
  6167 | D:6      | Noticed Eustachio
  6184 | D:6      | Killed Eustachio
  6230 | D:6      | Found a shadowy altar of Dithmenos.
  6514 | D:6      | Found an ancient bone altar of Kikubaaqudgha.
  6930 | D:7      | Reached skill level 8 in Ice Magic
  7327 | D:7      | Reached XP level 9. HP: 54/54 MP: 10/16
  7372 | D:7      | Reached skill level 5 in Spellcasting
  7503 | D:7      | Found Jyipas's Book Shoppe.
  7551 | D:7      | Reached * piety under Vehumet
  7551 | D:7      | Offered knowledge of Foxfire by Vehumet.
  7882 | D:7      | Bought a book of Clouds for 495 gold pieces
  8819 | D:8      | Reached skill level 9 in Ice Magic
  8864 | D:8      | Learned a level 2 spell: Blink
  8864 | D:8      | Found Tucuxt's Gadget Shoppe.
  8895 | D:8      | Reached ** piety under Vehumet
  9019 | D:8      | Offered knowledge of Searing Ray by Vehumet.
  9554 | D:8      | Noticed a moth of wrath
  9557 | D:8      | Found a bloodstained altar of Trog.
  9926 | D:9      | Reached skill level 5 in Conjurations
  9927 | D:9      | Reached XP level 10. HP: 65/65 MP: 7/19
 10127 | D:9      | Offered knowledge of Stone Arrow by Vehumet.
 10201 | D:9      | Noticed a two-headed ogre
 10219 | D:9      | Killed a two-headed ogre
 10232 | D:9      | Learned a level 3 spell: Stone Arrow
 10415 | D:9      | Reached *** piety under Vehumet
 10636 | D:9      | Reached skill level 5 in Fighting
 11068 | D:9      | Noticed a two-headed ogre
 11076 | D:9      | Killed a two-headed ogre
 11615 | D:10     | Entered Level 10 of the Dungeon
 11618 | D:10     | Noticed a gargoyle
 11621 | D:10     | Killed a gargoyle
 11621 | D:10     | Reached skill level 10 in Ice Magic
 11663 | D:10     | Noticed a two-headed ogre
 11667 | D:10     | Offered knowledge of Static Discharge by Vehumet.
 11669 | D:10     | Killed a two-headed ogre
 11669 | D:10     | Reached skill level 1 in Earth Magic
 11670 | D:10     | Reached XP level 11. HP: 72/72 MP: 9/23
 11690 | D:10     | Reached **** piety under Vehumet
 11852 | D:10     | Noticed Maurice
 11853 | D:10     | Found Miafrot's Magic Scroll Shoppe.
 11860 | D:10     | Killed Maurice
 11924 | D:10     | Offered knowledge of Inner Flame by Vehumet.
 11935 | D:10     | Killed an unseen horror
 12209 | D:10     | Noticed a green ugly thing
 12215 | D:10     | Killed a green ugly thing
 12496 | D:10     | Noticed a two-headed ogre
 12516 | D:10     | Killed a two-headed ogre
 12694 | D:10     | Found Ampinec's Book Shop.
 12893 | D:10     | Found Maagaossa's Magic Scroll Emporium.
 12905 | D:10     | Bought a scroll of identify for 28 gold pieces
 12905 | D:10     | Bought a scroll of teleportation for 42 gold pieces
 12933 | D:10     | Found a staircase to the Lair.
 12979 | D:10     | Found Riodghesu's Antique Weapon Shop.
 13006 | D:10     | Noticed a vault guard
 13024 | D:10     | Killed a vault guard
 13221 | D:10     | Found a portal to a secret trove of treasure.
 13570 | D:11     | Noticed a two-headed ogre
 13577 | D:11     | Killed a two-headed ogre
 13730 | Lair:1   | Entered Level 1 of the Lair of Beasts
 13733 | Lair:1   | Reached skill level 10 in Spellcasting
 14005 | Lair:1   | Reached XP level 12. HP: 54/81 MP: 18/26
 14482 | Lair:1   | Reached ***** piety under Vehumet
 14634 | Lair:1   | Noticed a seven-headed hydra
 14640 | Lair:1   | Killed a seven-headed hydra
 14660 | Lair:1   | Offered knowledge of Olgreb's Toxic Radiance by Vehumet.
 15027 | Lair:1   | You fall into a shaft and drop 1 floor!
 15198 | Lair:1   | Noticed a five-headed hydra
 15204 | Lair:1   | Killed a five-headed hydra
 15204 | Lair:1   | Reached skill level 5 in Earth Magic
 16126 | Lair:2   | Found a staircase to the Shoals.
 16955 | Lair:2   | Found a staircase to the Snake Pit.
 17961 | Lair:3   | Reached XP level 13. HP: 86/86 MP: 14/28
 17963 | Lair:3   | Reached skill level 5 in Dodging
 19572 | Lair:4   | Learned a level 6 spell: Freezing Cloud
 20609 | Lair:4   | Offered knowledge of Ozocubu's Refrigeration by Vehumet.
 21544 | Lair:5   | Learned a level 6 spell: Ozocubu's Refrigeration
 21713 | Lair:5   | Found a staircase to the Slime Pits.
 22189 | Lair:5   | Noticed a dire elephant
 23437 | Lair:6   | Entered Level 6 of the Lair of Beasts
 23579 | Lair:6   | Reached skill level 10 in Conjurations
 24207 | Lair:6   | Reached XP level 14. HP: 92/92 MP: 16/30
 25295 | Lair:6   | Reached skill level 11 in Ice Magic
 26341 | Lair:6   | Reached skill level 5 in Shields
 27849 | D:11     | Found a blossoming altar of Fedhas.
 27857 | D:11     | Reached ****** piety under Vehumet
 27857 | D:11     | Offered knowledge of Yara's Violent Unravelling by Vehumet.
 29345 | D:12     | Found a roughly hewn altar of Beogh.
 29345 | D:12     | Found a staircase to the Orcish Mines.
 30438 | D:13     | Found a flagged portal.
 30447 | Bailey   | Entered a bailey
 30478 | Bailey   | Offered knowledge of Lightning Bolt by Vehumet.
 30698 | Bailey   | Found the +8 trident of the Octopus King {venom, rElec
                  | rPois MR+}
 30698 | Bailey   | Found a bloodstained altar of Trog.
 30922 | D:13     | Found a burning altar of Makhleb.
 31027 | D:13     | Found Riemm's Jewellery Shoppe.
 31218 | D:13     | Reached XP level 15. HP: 75/97 MP: 23/33
 31351 | D:13     | Bought an uncursed ring of see invisible for 255 gold
                  | pieces
 31351 | D:13     | Bought an uncursed ring of protection from magic for 425
                  | gold pieces
 31644 | D:13     | Found a gate to the Vaults.
 31967 | D:13     | Found Soiditir's Armour Shoppe.
 32281 | D:13     | Found Pinydaw's General Store.
 32289 | D:13     | Bought a scroll of magic mapping for 52 gold pieces
 32289 | D:13     | Bought a scroll of identify for 30 gold pieces
 32304 | D:13     | Found Jouroank's Assorted Antiques.
 32319 | D:13     | Bought a scroll of identify for 54 gold pieces
 32319 | D:13     | Bought a glowing moonstone ring for 135 gold pieces
 32319 | D:13     | Bought a brass ring for 135 gold pieces
 32371 | D:13     | Learned a level 1 spell: Apportation
 32707 | D:14     | Found a frozen archway.
 32711 | D:14     | Offered knowledge of Bolt of Magma by Vehumet.
 32751 | IceCv    | Entered an ice cave
 34515 | IceCv    | Found the +10 tower shield of Ignorance {rN+ Int-4}
 34605 | D:14     | Reached skill level 12 in Ice Magic
 35118 | D:14     | Learned a level 5 spell: Bolt of Magma
 35858 | D:15     | Entered Level 15 of the Dungeon
 36011 | D:15     | Found a gate leading to a gauntlet.
 36016 | Gauntlet | Entered a Gauntlet
 36016 | Gauntlet | Found a transporter.
 36016 | Gauntlet | Found a transporter.
 36235 | Gauntlet | Found a transporter.
 36258 | Gauntlet | Found a transporter.
 36275 | Gauntlet | Found a transporter.
 36297 | Gauntlet | Found a transporter.
 36316 | Gauntlet | Found a transporter.
 36394 | Gauntlet | Found a transporter.
 36405 | Gauntlet | Found a transporter.
 36407 | Gauntlet | Found a large runed translucent door.
 36407 | Gauntlet | Found a large runed translucent door.
 36408 | Gauntlet | Found a large runed translucent door.
 36408 | Gauntlet | Found a large runed translucent door.
 36409 | Gauntlet | Found a large runed translucent door.
 36409 | Gauntlet | Found a large runed translucent door.
 36409 | Gauntlet | Found a runed translucent door.
 36409 | Gauntlet | Found a runed translucent door.
 36409 | Gauntlet | Found a large runed translucent door.
 36409 | Gauntlet | Found a large runed translucent door.
 36410 | Gauntlet | Found a large runed translucent door.
 36410 | Gauntlet | Found a large runed translucent door.
 36414 | Gauntlet | Found a large runed translucent door.
 36414 | Gauntlet | Found a large runed translucent door.
 36415 | Gauntlet | Found a large runed translucent door.
 36415 | Gauntlet | Found a large runed translucent door.
 36415 | Gauntlet | Found a large runed translucent door.
 36415 | Gauntlet | Found a large runed translucent door.
 36418 | Gauntlet | Found a runed translucent gate.
 36418 | Gauntlet | Found a runed translucent gate.
 36418 | Gauntlet | Found a runed translucent gate.
 36420 | Gauntlet | Found a transporter.
 36434 | Gauntlet | Found a transporter.
 36452 | Gauntlet | Found a transporter.
 36621 | Gauntlet | Found a transporter.
 36625 | Gauntlet | Got a smoking copper ring
 36626 | Gauntlet | Identified the ring "Oxonleer" {*Tele MR++ Str+4 Slay-6}
                  | (You found it in a Gauntlet)
 36783 | Gauntlet | Found a transporter.
 36794 | Gauntlet | Offered knowledge of Irradiate by Vehumet.
 36840 | Gauntlet | Learned a level 5 spell: Irradiate
 36933 | Gauntlet | Identified the quicksilver dragon scales of Kleptomania
                  | {rPois rC+++ MR+ rCorr Str-3}
 36933 | Gauntlet | Identified the ring "Qyuxe" {rN+ Str+6 Int-4 Dex+6}
 37180 | D:15     | Paralysed by a wizard for 3 turns
 37675 | D:15     | Reached skill level 15 in Spellcasting
 38437 | D:15     | Found a staircase to the Depths.
 39170 | Orc:1    | Entered Level 1 of the Orcish Mines
 39227 | Orc:1    | Reached XP level 16. HP: 85/107 MP: 22/35
 39395 | Orc:2    | Entered Level 2 of the Orcish Mines
 39401 | Orc:2    | Reached skill level 1 in Transmutations
 40262 | Orc:1    | Found a runed translucent gate.
 40262 | Orc:1    | Found a runed translucent gate.
 40262 | Orc:1    | Found a runed translucent gate.
 40267 | Orc:1    | Found an opulent altar of Gozag.
 40270 | Orc:1    | Found Rivoaq's Assorted Antiques.
 40271 | Orc:1    | Noticed pino's ghost (journeyman MiBe)
 40494 | Orc:2    | Found Rocwio's Antique Armour Shoppe.
 40908 | Orc:2    | Noticed Urug
 40912 | Orc:2    | Killed Urug
 41008 | Orc:2    | Found Wuena's Book Emporium.
 41061 | Orc:2    | Found Hirilusch's General Store.
 41076 | Orc:2    | Bought a scroll of teleportation for 48 gold pieces
 41076 | Orc:2    | Bought a scroll of identify for 32 gold pieces
 41076 | Orc:2    | Bought a scroll of identify for 32 gold pieces
 41110 | Orc:2    | Found Huta's Antique Weapon Shoppe.
 41118 | Orc:2    | Found a staircase to the Elven Halls.
 41713 | Snake:1  | Entered Level 1 of the Snake Pit
 42757 | Snake:1  | Found Sotik's Antique Armour Shoppe.
 42906 | Snake:1  | Noticed Aizul
 42910 | Snake:1  | Killed Aizul
 43032 | Snake:1  | Noticed Donald
 43036 | Snake:1  | Killed Donald
 43666 | Snake:2  | Noticed a nagaraja
 43669 | Snake:2  | Killed a nagaraja
 43669 | Snake:2  | Reached skill level 10 in Fighting
 43889 | Snake:2  | Found Nunlool's General Store.
 43892 | Snake:2  | Bought a potion of heal wounds for 85 gold pieces
 43892 | Snake:2  | Bought a potion of curing for 51 gold pieces
 44394 | Snake:2  | Offered knowledge of Starburst by Vehumet.
 44709 | Snake:2  | Reached skill level 5 in Transmutations
 44859 | Snake:3  | Found Cyur's Weapon Shoppe.
 44864 | Snake:3  | Reached XP level 17. HP: 106/115 MP: 28/37
 45184 | Snake:3  | Found Lusina's Gadget Emporium.
 45184 | Snake:3  | Found Nesk's Distillery.
 45187 | Snake:3  | Found Ushruplo's Distillery.
 45968 | Snake:3  | Bought a potion of experience for 800 gold pieces
 45968 | Snake:3  | Reached XP level 18. HP: 122/122 MP: 38/38
 46527 | Snake:3  | Reached skill level 10 in Earth Magic
 47474 | Snake:3  | Learned a level 6 spell: Statue Form
 47497 | Snake:3  | Found the amulet of the Air {Inacc +Fly rElec EV+5 RMsl}
 47953 | Snake:4  | Entered Level 4 of the Snake Pit
 48552 | Snake:4  | Reached XP level 19. HP: 129/129 MP: 33/40
 49146 | Snake:4  | Offered knowledge of Chain Lightning by Vehumet.
 49146 | Snake:4  | Offered knowledge of Ignition by Vehumet.
 49146 | Snake:4  | Offered knowledge of Absolute Zero by Vehumet.
 50053 | Snake:4  | Got a serpentine rune of Zot
 50661 | Shoals:1 | Entered Level 1 of the Shoals
 50661 | Shoals:1 | Found Vyraipar's Antique Weapon Shop.
 51490 | Shoals:1 | Learned a level 6 spell: Iron Shot
 51608 | Shoals:1 | Found a snail-covered altar of Cheibriados.
 51767 | Shoals:1 | Got a slimy tower shield
 51845 | Shoals:1 | Reached skill level 10 in Shields
 52042 | Shoals:2 | Noticed Roxanne
 52051 | Shoals:2 | Killed Roxanne
 52243 | Shoals:2 | Noticed Jorgrun
 52247 | Shoals:2 | Killed Jorgrun
 52888 | Shoals:2 | Identified the +7 tower shield "Ganoesa" {Int+4 Dex+5} (You
                  | found it on level 1 of the Shoals)
 53782 | Shoals:3 | Reached XP level 20. HP: 109/139 MP: 18/42
 54995 | Shoals:4 | Entered Level 4 of the Shoals
 55485 | Shoals:4 | Got a barnacled rune of Zot
 55898 | Shoals:4 | Found the ring of Phasing {EV+8}
 56853 | Elf:1    | Entered Level 1 of the Elven Halls
 57039 | Elf:1    | Noticed Azrael
 57041 | Elf:1    | Killed Azrael
 57233 | Elf:1    | Reached skill level 13 in Ice Magic
 58115 | Elf:1    | Noticed Agnes
 58118 | Elf:1    | Killed Agnes
 58119 | Elf:1    | Reached XP level 21. HP: 147/147 MP: 42/43
 58264 | Elf:1    | Found a shimmering blue altar of Sif Muna.
 59735 | Elf:2    | Found a runed translucent gate.
 59735 | Elf:2    | Found a runed translucent gate.
 59735 | Elf:2    | Found a runed translucent gate.
 59921 | Elf:3    | Entered Level 3 of the Elven Halls
 60103 | Elf:3    | Found Jaemope's Antique Armour Emporium.
 60521 | Elf:3    | Found Pysyrch's General Store.
 60527 | Elf:3    | Bought a scroll of blinking for 135 gold pieces
 60527 | Elf:3    | Bought a scroll of teleportation for 54 gold pieces
 60700 | Elf:3    | Found Xanyroek's Magic Scroll Shoppe.
 60704 | Elf:3    | Bought a scroll of teleportation for 48 gold pieces
 60704 | Elf:3    | Bought 3 scrolls of teleportation for 144 gold pieces
 60704 | Elf:3    | Bought a scroll of teleportation for 48 gold pieces
 60704 | Elf:3    | Bought a scroll of magic mapping for 56 gold pieces
 60975 | Elf:3    | Identified the +5 glaive "Hemneodd" {speed, *Slow rPois
                  | rF+}
 61383 | Elf:3    | Identified the +6 whip "Biuv" {speed, Str+3}
 61677 | Elf:3    | Reached skill level 14 in Ice Magic
 61799 | Elf:3    | Identified the ring "Qol Duh" {rCorr SInv}
 62415 | Vaults:1 | Entered Level 1 of the Vaults
 62531 | Vaults:1 | Reached skill level 1 in Polearms
 62648 | Vaults:1 | Reached XP level 22. HP: 155/155 MP: 35/44
 62721 | Vaults:1 | Reached skill level 15 in Shields
 63214 | Vaults:1 | Reached skill level 5 in Polearms
 63283 | Vaults:1 | Found Wuxixaorgh's General Store.
 63306 | Vaults:1 | Found Siapt's Assorted Antiques.
 63530 | Vaults:1 | Found Fuezeas's Armour Shoppe.
 63798 | Vaults:1 | Found Kewov's Distillery.
 63823 | Vaults:1 | Found Izyaj's General Store.
 64556 | Vaults:2 | Found Rath's Magic Scroll Shop.
 64564 | Vaults:2 | Bought a scroll of acquirement for 936 gold pieces
 64564 | Vaults:2 | Acquired 2480 gold pieces
 64566 | Vaults:2 | Acquired the ring "Pekoch" {rPois rC+ Slay+2 Stlth+}
 64585 | Vaults:2 | Noticed Xtahua
 64588 | Vaults:2 | Killed Xtahua
 64591 | Vaults:2 | Noticed Margery
 64597 | Vaults:2 | Killed Margery
 64597 | Vaults:2 | Reached skill level 15 in Ice Magic
 64597 | Vaults:2 | Reached skill level 15 in Earth Magic
 65472 | Vaults:2 | Found a staircase to the Crypt.
 66239 | Vaults:2 | Reached skill level 10 in Polearms
 66534 | Vaults:3 | Noticed Saint Roka
 66542 | Vaults:3 | Killed Saint Roka
 66886 | Vaults:3 | Reached XP level 23. HP: 161/161 MP: 41/45
 68266 | Vaults:4 | Reached skill level 16 in Ice Magic
 68585 | Vaults:4 | Found a runed translucent door.
 68585 | Vaults:4 | Found a shimmering altar of Xom.
 68585 | Vaults:4 | Noticed Paarhy's ghost (legendary MfBe)
 69784 | Vaults:5 | Entered Level 5 of the Vaults
 69785 | Vaults:5 | Noticed a golden dragon
 69786 | Vaults:5 | Reached XP level 24. HP: 168/168 MP: 45/45
 69787 | Vaults:5 | Reached skill level 17 in Ice Magic
 70644 | Vaults:5 | Reached skill level 18 in Ice Magic
 70648 | Vaults:5 | Identified the ring of Ixzont {rElec rPois MR+ Str-2 Dex+5}
 70805 | Vaults:5 | Identified the amulet "Ampuy" {Spirit +Inv}
 71052 | Vaults:5 | Reached XP level 25. HP: 173/173 MP: 32/45
 71058 | Vaults:5 | Identified the +7 whip of Subjectivity {freeze, rElec}
 71245 | Vaults:5 | Identified the ring "Gumeo" {+Inv rC++ rCorr Int+3}
 71430 | Vaults:5 | Identified the +6 arbalest "Secugo" {penet, *Slow rN+
                  | Dex+2}
 71733 | Vaults:5 | Got a silver rune of Zot
 71893 | Vaults:5 | Learned a level 9 spell: Absolute Zero
 72434 | Vaults:5 | Reached skill level 15 in Fighting
 73199 | Depths:1 | Entered Level 1 of the Depths
 73276 | Depths:1 | Reached skill level 19 in Ice Magic
 73452 | Depths:1 | Found a gateway to Hell.
 73634 | Depths:1 | Found a one-way gate leading to the halls of Pandemonium.
 73720 | Depths:1 | Identified the ring "Kyub" {rN+ AC+4} (You found it on
                  | level 1 of the Depths)
 74133 | Depths:1 | Found a runed translucent gate.
 74133 | Depths:1 | Found a runed translucent gate.
 74133 | Depths:1 | Found a runed translucent gate.
 74133 | Depths:1 | Found a runed translucent gate.
 74133 | Depths:1 | Found a runed translucent gate.
 74133 | Depths:1 | Found a runed translucent gate.
 74134 | Depths:1 | Found the +2 Maxwell's thermic engine {flame, freeze}
 75387 | Depths:2 | Reached XP level 26. HP: 180/180 MP: 37/45
 75387 | Depths:2 | Reached skill level 20 in Ice Magic
 75410 | Depths:2 | Found the +6 lightning scales {run, rElec}
 75768 | Depths:2 | Found a gateway to a ziggurat.
 75940 | Depths:3 | Found the ring of Shadows {Umbra +Inv Stlth+}
 76311 | Depths:3 | Noticed Sojobo
 76319 | Depths:3 | Killed Sojobo
 76674 | Depths:3 | Noticed Asterion
 76681 | Depths:3 | Killed Asterion
 77313 | Depths:4 | Reached skill level 21 in Ice Magic
 77651 | Depths:4 | Found a one-way gate to the infinite horrors of the Abyss.
 77801 | Depths:4 | Found Cygenual's Gadget Emporium.
 77802 | Depths:4 | Found Orufoghuza's Jewellery Boutique.
 77806 | Depths:4 | Found Yblaeluh's Gadget Emporium.
 78161 | Depths:5 | Entered Level 5 of the Depths
 78170 | Depths:5 | Reached XP level 27. HP: 186/186 MP: 34/46
 78412 | Depths:5 | Found a gate to the Realm of Zot.
 78902 | Depths:5 | Reached skill level 22 in Ice Magic
 78904 | Depths:5 | Noticed Louise
 78910 | Depths:5 | Killed Louise
 79172 | Depths:5 | Noticed the Enchantress
 79178 | Depths:5 | Killed the Enchantress
 79330 | Depths:5 | Noticed a juggernaut
 79335 | Depths:5 | Killed a juggernaut
 79812 | Hell     | Entered the Vestibule of Hell
 79812 | Hell     | Noticed Geryon
 79821 | Hell     | Killed Geryon
 80353 | Hell     | Found a gateway to the freezing wastes of Cocytus.
 80463 | Hell     | Found a gateway to the Iron City of Dis.
 80511 | Hell     | Found a gateway to the ashen valley of Gehenna.
 80598 | Hell     | Found a gateway to the decaying netherworld of Tartarus.
 80987 | D:10     | You paid a toll of the horn of Geryon to enter a treasure
                  | trove
 80988 | Trove    | Entered a treasure trove
 80999 | Trove    | Got a brightly glowing zirconium amulet
 81000 | Trove    | Identified the amulet "Guzollyi" {Spirit Str+2} (You found
                  | it in a treasure trove)
 81007 | Trove    | Got a crude copper ring
 81008 | Trove    | Identified the ring "Kuacuwk" {Wiz *Contam +Fly MP-9 SInv}
                  | (You found it in a treasure trove)
 81013 | Trove    | Got a slimy tin amulet
 81020 | Trove    | Got a steaming bone ring
 81026 | Trove    | Got a heavily runed bone ring
 81030 | Trove    | Got a shimmering silver amulet
 81032 | Trove    | Got a sparkling granite ring
 81033 | Trove    | Identified the ring of Xom's Recklessness {Wiz rElec rC+
                  | Int+6} (You found it in a treasure trove)
 81036 | Trove    | Identified the amulet of Cadisiuk {RegenMP Str+3 Int+5
                  | Dex+7} (You found it in a treasure trove)
 81047 | Trove    | Identified the ring "Zalebbuu" {rElec rF+ rN+ MR+ Dex-5}
                  | (You found it in a treasure trove)
 81054 | Trove    | Identified the ring of Ucujaof {*Corrode +Blink rN+ Str+4
                  | Dex+3} (You found it in a treasure trove)
 81055 | Trove    | Identified the amulet "Lampud" {Acrobat MR+ MP+9 Str-3}
                  | (You found it in a treasure trove)
 81347 | Crypt:1  | Entered Level 1 of the Crypt
 81347 | Crypt:1  | Noticed an ancient lich
 81351 | Crypt:1  | Reached skill level 23 in Ice Magic
 81357 | Crypt:1  | Killed an ancient lich
 81534 | Crypt:1  | Reached skill level 1 in Fire Magic
 82393 | Crypt:2  | Identified Ved Ziurr's Compendium of Transmigration and
                  | Stolen Souls
 82561 | Crypt:2  | Noticed Frederick
 82565 | Crypt:2  | Killed Frederick
 83069 | Crypt:3  | Entered Level 3 of the Crypt
 83290 | Crypt:3  | Reached skill level 5 in Fire Magic
 83365 | Crypt:3  | Found a staircase to the Tomb.
 83964 | Crypt:3  | Identified the Disquisition on Stones
 83983 | Crypt:3  | Noticed an ancient lich
 83987 | Crypt:3  | Killed an ancient lich
 84714 | Tomb:1   | Entered Level 1 of the Tomb of the Ancients
 85103 | Tomb:1   | Noticed Boris
 85105 | Tomb:1   | Noticed a greater mummy
 85113 | Tomb:1   | Killed Boris
 85114 | Tomb:1   | Noticed a greater mummy
 85474 | Tomb:1   | Killed a greater mummy
 85507 | Tomb:1   | Learned a level 8 spell: Ignition
 85610 | Tomb:1   | Killed a greater mummy
 85835 | Tomb:1   | Noticed an ancient lich
 85839 | Tomb:1   | Killed an ancient lich
 85935 | Tomb:2   | Noticed a greater mummy
 85935 | Tomb:2   | Noticed a greater mummy
 85936 | Tomb:2   | Noticed a greater mummy
 85937 | Tomb:2   | Noticed a greater mummy
 85937 | Tomb:2   | Noticed a greater mummy
 86594 | Tomb:2   | Reached skill level 10 in Fire Magic
 86595 | Tomb:2   | Killed a greater mummy
 86597 | Tomb:2   | Killed a greater mummy
 86598 | Tomb:2   | Killed a greater mummy
 86599 | Tomb:2   | Killed a greater mummy
 86835 | Tomb:2   | Killed a greater mummy
 87242 | Tomb:1   | Noticed a greater mummy
 87244 | Tomb:1   | Killed a greater mummy
 87244 | Tomb:1   | Noticed a greater mummy
 87248 | Tomb:1   | Killed a greater mummy
 87437 | Tomb:1   | Noticed a greater mummy
 87445 | Tomb:1   | Killed a greater mummy
 87447 | Tomb:1   | Noticed a greater mummy
 87448 | Tomb:1   | Killed a greater mummy
 87479 | Tomb:1   | Noticed a greater mummy
 87482 | Tomb:1   | Killed a greater mummy
 87511 | Tomb:1   | Noticed a greater mummy
 87513 | Tomb:1   | Killed a greater mummy
 87537 | Tomb:1   | Noticed a greater mummy
 87538 | Tomb:1   | Killed a greater mummy
 87553 | Tomb:1   | Noticed a greater mummy
 87556 | Tomb:1   | Noticed a greater mummy
 87558 | Tomb:1   | Killed a greater mummy
 87562 | Tomb:1   | Killed a greater mummy
 87625 | Tomb:1   | Noticed a greater mummy
 87626 | Tomb:1   | Killed a greater mummy
 87948 | Tomb:1   | Noticed a greater mummy
 87951 | Tomb:1   | Killed a greater mummy
 88084 | Tomb:3   | Entered Level 3 of the Tomb of the Ancients
 88098 | Tomb:3   | Found the cursed necklace of Bloodlust {*Rage +Rage MR++
                  | Int-3 Slay+6 *Curse}
 88101 | Tomb:3   | Noticed a greater mummy
 88101 | Tomb:3   | Noticed a greater mummy
 88101 | Tomb:3   | Noticed a greater mummy
 88512 | Tomb:3   | Noticed a greater mummy
 88512 | Tomb:3   | Noticed a greater mummy
 88900 | Tomb:3   | Noticed a greater mummy
 88900 | Tomb:3   | Noticed a greater mummy
 88900 | Tomb:3   | Noticed a greater mummy
 88903 | Tomb:3   | Killed a greater mummy
 88903 | Tomb:3   | HP: 10/257 [greater mummy/divine providence (11)]
 88904 | Tomb:3   | Killed from afar by a greater mummy

Illustrated notes

Levels and vault maps discovered:
D:1:      lightli_arrival_quake, layout_loops_ring, minmay_misc_feat_alley
D:2:      layout_basic
D:3:      layout_rooms
D:4:      layout_loops_ring, nicolae_overflow_hidden_temple,
          chequers_temple_overflow_statue_of_worship,
          minmay_temple_entry_statues_pillars, uniq_grinder, uniq_robin
D:5:      layout_layer_cave, basic_altar, grunt_ministairs_7
D:6:      layout_loops_cross, nicolae_dithmenos_shadow_blocks,
          lemuel_doored_altar, lightli_orcish_oven, uniq_eustachio
D:7:      layout_cave_pools, serial_shops,
          nicolae_shop_temple_entry_statues_fountains
D:8:      layout_basic, tgw_trog, serial_shops, nicolae_shop_waterfront
D:9:      layout_roguey
D:10:     layout_gridville, lair_entry_dummy, serial_shops, shop_scrolls, shop,
          nicolae_shop_waterfront, shop, enter_trove_5, grunt_livestock,
          nicolae_twisting_strands, uniq_maurice
D:11:     layout_basic, fedhas_altar_3
D:12:     layout_basic, david_orc_5
D:13:     layout_layer_cave, skrybe_vaults_entry_preservation, serial_shops,
          nicolae_shop_window_shopping, nicolae_shop_stone, shop_coins, shop,
          enter_bailey_2, lemuel_hellish_altar
D:14:     layout_loops_ring, chequers_serial_rivers_micro_c,
          portal_ice_cave_entry_imps, nicolae_lava_and_water
D:15:     gammafunk_depths_entry_grave, layout_basic, gauntlet_entry_generic,
          hangedman_decor_opposing
Temple:   nicolae_temple_elliptical
Lair:1:   layout_gridlike
Lair:2:   layout_roguey, elwin_shoals_entry_stream,
          minmay_snake_entry_six_corridors, serial_bayou_shore_a
Lair:3:   layout_hall_layers
Lair:4:   layout_cave_pods, special_room [special_room_bee], grunt_megastairs_5,
          lemuel_fruit_tree, lemuel_fruit_fields, infiniplex_staircase_pool_2
Lair:5:   layout_hall_layers, slime_dummy, minmay_shattered_shrine
Lair:6:   hangedman_lair_tendril_chambers, layout_small_grid,
          guppyfry_lair_end_dragon, serial_bayou_shore_b
Shoals:1: layout_shoals, serial_shops, shop, lemuel_centaur_altar
Shoals:2: layout_shoals, uniq_jorgrun, uniq_roxanne
Shoals:3: layout_shoals
Shoals:4: shoals_end_simple, layout_shoals, nicolae_shoals_hunting_party
Snake:1:  layout_gridlike, serial_shops, shop, grunt_megastairs_1, uniq_donald,
          uniq_aizul
Snake:2:  layout_gridlike, minmay_shop_star
Snake:3:  kennysheep_snake, layout_onion, grunt_megastairs_2, minmay_shoptagon
Snake:4:  grunt_snake_rune_pools, layout_cave_town, grunt_megastairs_4
Orc:1:    layout_caves, ebering_ghost_gozag
Orc:2:    grunt_orc_gardens, layout_caves, grunt_orc_garden, grunt_orc_garden,
          grunt_orc_garden, grunt_orc_garden, uniq_urug
Elf:1:    layout_rooms, basic_altar, hangedman_elf_represent,
          roderic_lattice_octagonal_star, uniq_azrael, uniq_agnes
Elf:2:    layout_geoelf_grid, statue_in_the_mist_lemuel,
          nicolae_elf_stone_circles, einodemon_crawler_minivault
Elf:3:    minmay_elf_hall_furrowed, layout_loops_cross, serial_shops, shop,
          shop, nicolae_shop_crystal, minmay_strange_pillars,
          corexii_leaking_fountain
Vaults:1: v_misc_2, hangedman_vaults_stagger, nicolae_vaults_arrows,
          hangedman_vaults_impose, nicolae_vaults_asterisk, v_misc_27,
          hangedman_vaults_stream, nicolae_vaults_little_squares_4,
          nicolae_vaults_little_squares_4, layout_vaults_omnibox, serial_shops,
          nicolae_shop_crystal, nicolae_shop_statue_plus,
          nicolae_shop_behind_doors, nicolae_shop_crystal, nicolae_shop_trees
Vaults:2: minmay_crypt_entry_vampire_xt, hangedman_vaults_stretched_pinwheel,
          v_misc_3, v_misc_24, vaults_room_pools, vaults_dpeg_doors,
          nicolae_vaults_ring_of_whatevers, v_misc_22, v_misc_11,
          vaults_dpeg_encased_lava, dpeg_vaults_monster_box,
          nicolae_vaults_sealed_display, layout_vaults_chaotic_city,
          serial_shops, shop, uniq_margery, uniq_xtahua
Vaults:3: v_rooms_3, hangedman_vaults_stitches, vaults_room_hallway,
          hangedman_vaults_slice, nicolae_vaults_asterisk,
          layout_vaults_omnigrid, uniq_saint_roka
Vaults:4: ebering_vaults_ghost_xom, hangedman_vaults_nodes,
          grunt_vaults_bifocal, vaults_room_grunt_arrival_ludios, v_misc_12,
          hangedman_vaults_cutoff, st_eye, nicolae_vaults_alarming, v_misc_5,
          v_misc_25, ontoclasm_vaults_twist, layout_vaults_maze_snakey
Vaults:5
Crypt:1:  layout_misc_corridors, st_stairs_5, evilmike_ambush
          [evilmike_ambush_outer_basic, evilmike_ambush_inner_basic]
Crypt:2:  layout_gridlike, hangedman_weighted_door, uniq_frederick
Crypt:3:  due_elkab, layout_chaotic_city, nicolae_tomb_entry_grand_gallery
Tomb:1:   uniq_boris
Tomb:2
Tomb:3
Depths:1: layout_basic, pan_entry, serial_sigils_hangedman_scar,
          grunt_mini_vestibule, brannock_guarded_unrand_thermic_engine
Depths:2: kennysheep_scales, layout_cave_pools, enter_ziggurat_a, hell_entry,
          infiniplex_staircase_trident
Depths:3: evilmike_hourglass, layout_cave_pools, bh_walls_and_bars,
          pf_vacation_house_of_asmodeus, rand_demon_pan_entry_4, drop_trap,
          uniq_asterion, uniq_sojobo
Depths:4: minmay_the_grid_triangle_9x9_recursive_2_mashed
          [minmay_the_grid_triangle_9x9_prize_insulated,
          minmay_the_grid_triangle_9x9_negative_grid,
          minmay_the_grid_triangle_9x9_wacky_v,
          minmay_the_grid_triangle_9x9_sprig], layout_long_grid,
          grunt_pan_entry_spiral, abyss_entry, hell_entry,
          hangedman_abyss_or_decor_clamps, minmay_shop_grove
Depths:5: grunt_zot_entry_tricorne, layout_gridlike, grunt_pan_entry_sceptre,
          hell_entry, nicolae_abyss_entry_one_way_or_another,
          serial_bayou_shore_b, uniq_enchantress
Hell

Skill      XL: |  1  2  3  4  5  6  7  8  9 10 11 12 13 14 15 16 17 18 19 20 21 22 23 24 25 26 27 |
---------------+----------------------------------------------------------------------------------+-----
Stealth        | 3 4 |  4.4
Shields        | 1 2 3 4 6 8 10 13 14 15 17 21 | 21.0
Ice Magic      | 5 6 7 8 9 10 11 12 13 14 15 16 18 19 21 23 | 23.0
Spellcasting   | 3 4 6 8 10 11 12 14 15 16 17 18 19 21 | 21.4
Conjurations   | 2 3 5 6 7 9 10 11 12 | 12.1
Fighting       | 2 4 5 7 8 10 11 12 13 14 15 18 | 18.8
Earth Magic    | 1 4 6 7 9 10 12 13 14 15 16 18 | 18.4
Dodging        | 4 6 7 |  7.0
Transmutations | 5 6 7 |  7.0
Polearms       | 2 10 13 14 | 14.0
Fire Magic     | 12 | 12.1

Action                   |  1- 3 |  4- 6 |  7- 9 | 10-12 | 13-15 | 16-18 | 19-21 | 22-24 | 25-27 || total
-------------------------+-------+-------+-------+-------+-------+-------+-------+-------+-------++-------
Melee: Unarmed           |     4 |       |       |       |       |       |       |       |       ||     4
       Constrict         |     3 |    10 |     9 |     4 |    10 |     7 |     9 |    15 |    84 ||   151
       Tentacles         |     1 |     5 |     6 |     4 |    12 |     7 |    11 |    34 |   261 ||   341
       Dagger            |    10 |    49 |    48 |       |       |       |       |       |       ||   107
       Staff             |       |       |    11 |    20 |    29 |       |       |       |       ||    60
       Trident           |       |       |       |       |    10 |    37 |    67 |   156 |   893 ||  1163
Throw: Throwing net      |       |       |       |       |       |       |       |     1 |       ||     1
 Cast: Freeze            |    38 |    42 |    45 |    50 |    60 |     9 |       |       |       ||   244
       Frozen Ramparts   |       |    11 |    40 |    38 |    58 |    12 |     3 |       |       ||   162
       Ozocubu's Armour  |       |       |     2 |       |       |       |       |       |       ||     2
       Summon Ice Beast  |       |       |    26 |    66 |   108 |     3 |       |       |       ||   203
       Hailstorm         |       |       |     3 |   113 |   162 |    53 |    45 |     6 |     2 ||   384
       Stone Arrow       |       |       |       |     2 |   200 |     9 |       |       |       ||   211
       Freezing Cloud    |       |       |       |       |    32 |     5 |     4 |       |     1 ||    42
       Ozocubu's Refrige |       |       |       |       |   108 |   216 |   318 |   249 |   333 ||  1224
       Blink             |       |       |       |       |     2 |       |       |     1 |     2 ||     5
       Bolt of Magma     |       |       |       |       |    33 |     6 |    61 |    23 |    42 ||   165
       Irradiate         |       |       |       |       |     1 |       |       |    11 |    27 ||    39
       Statue Form       |       |       |       |       |       |     4 |    11 |    42 |   116 ||   173
       Iron Shot         |       |       |       |       |       |       |    89 |    84 |    78 ||   251
       Apportation       |       |       |       |       |       |       |       |     1 |     1 ||     2
       Absolute Zero     |       |       |       |       |       |       |       |       |   107 ||   107
       Ignition          |       |       |       |       |       |       |       |       |    28 ||    28
Evoke: Wand              |       |       |     5 |       |       |       |       |       |       ||     5
  Use: Scroll            |       |     1 |       |     7 |    18 |     5 |     5 |     5 |    27 ||    68
       Potion            |       |       |     4 |       |     8 |     1 |       |     1 |     1 ||    15
 Stab: Sleeping          |     7 |     9 |     5 |     1 |     2 |       |     1 |     3 |    16 ||    44
       Distracted        |       |       |       |       |       |     1 |       |     1 |     4 ||     6
Armor: Skin              |     2 |    11 |     8 |     4 |     6 |     6 |    36 |    75 |   211 ||   359
Dodge: Dodged            |    17 |    48 |    62 |    57 |   167 |    67 |   171 |   384 |   709 ||  1682
       Repelled          |       |       |       |       |       |       |       |    14 |    13 ||    27
Block: Buckler           |       |       |    32 |    30 |    80 |    40 |   107 |   186 |    17 ||   492
       Tower shield      |       |       |       |       |       |       |       |       |  1208 ||  1208

Table legend: (Time is in decaauts)
 A = Elapsed time spent in this place.
 B = Non-inter-level travel time spent in this place.
 C = Inter-level travel time spent in this place.
 D = Time resting spent in this place.
 E = Time spent auto-exploring this place.
 F = Levels seen in this place.
 G = Mean time per level.
                   A        B        C        D        E       F      G
               +--------+--------+--------+--------+--------+-----+--------+
         Total |  93726 |  90207 |   3519 |  42112 |  26656 |  56 | 1673.7 |
       Dungeon |  22991 |  21713 |   1278 |  10338 |   7020 |  15 | 1532.7 |
        Temple |    247 |    247 |      0 |      0 |    116 |   1 |  247.0 |
          Lair |  13418 |  12940 |    478 |   7058 |   3666 |   6 | 2236.3 |
        Shoals |   6094 |   5904 |    190 |   2602 |   1759 |   4 | 1523.5 |
     Snake Pit |   9045 |   8881 |    164 |   4967 |   2069 |   4 | 2261.2 |
  Orcish Mines |   2698 |   2472 |    226 |   1174 |    561 |   2 | 1349.0 |
   Elven Halls |   5478 |   5368 |    110 |   2827 |   1266 |   3 | 1826.0 |
        Vaults |  12336 |  11833 |    503 |   4943 |   4272 |   5 | 2467.2 |
         Crypt |   3873 |   3764 |    109 |    611 |   1719 |   3 | 1291.0 |
          Tomb |   5059 |   4892 |    167 |   2961 |    231 |   3 | 1686.3 |
        Depths |   8304 |   8016 |    288 |   2443 |   3672 |   5 | 1660.8 |
          Hell |    855 |    854 |      1 |    326 |    304 |   1 |  855.0 |
         Trove |     87 |     87 |      0 |      0 |      0 |   1 |   87.0 |
        Bailey |    304 |    304 |      0 |    190 |      0 |   1 |  304.0 |
      Ice Cave |   1845 |   1845 |      0 |   1274 |      0 |   1 | 1845.0 |
      Gauntlet |   1085 |   1085 |      0 |    397 |      0 |   1 | 1085.0 |
               +--------+--------+--------+--------+--------+-----+--------+

Top non-repeatable levels by time:
Vaults:4: 3503 daAuts
  Lair:6: 3417 daAuts
 Snake:4: 2699 daAuts
  Tomb:1: 2528 daAuts
   Elf:3: 2520 daAuts
  Tomb:2: 2468 daAuts
Vaults:1: 2466 daAuts
 Snake:3: 2443 daAuts
Vaults:2: 2379 daAuts
  Lair:1: 2327 daAuts
  Lair:4: 2258 daAuts
Depths:5: 2228 daAuts
    D:15: 2193 daAuts
 Snake:1: 2184 daAuts
    D:13: 2111 daAuts
